Workbook
Name ListeNatures: NatureT[Nature travaux]
Name ListePrestations: OFFSET(Tarifs[[#Headers],[PRESTATIONS]],MATCH(DEVIS!$B1048576,Tarifs[TITRE],0),0,COUNTIF(Tarifs[TITRE],DEVIS!$B1048576),1)
Name Zones: OFFSET(Tarifs[[#Headers],[TITRE]],0,2,1,COUNTA(Tarifs[#Headers])-2)

Sheet DEVIS
F11: Lure, le | H11: =TODAY() -> 43728
F14: Monsieur
C20: NATURE DES TRAVAUX | D20: REMPLACEMENT DE LA TOITURE
C22: Nature des travaux | E22: Zone | F22: Qté | G22: Unité | H22: Prix unitaire | I22: Montant H.T.
B23: ECHAFAUDAGE | C23: Mise en place de l'échafaudage | E23: ZONE 1 | F23: 1 | G23: =IF(C23<>"",INDEX(Tarifs[],MATCH(DEVIS!C23,Tarifs[PRESTATIONS],0),3),"") -> FORFAIT | H23: =IF(C23<>"",INDEX(Tarifs[],MATCH(DEVIS!C23,Tarifs[PRESTATIONS],0),MATCH(E23,Tarifs[#Headers],0)),"") -> 400 | I23: =IF(H23="","",(F23*H23)) -> 400
B24: TERRASSEMENT | C24: Mise en place de l'échafaudage | E24: ZONE 1 | F24: 1 | G24: =IF(C24<>"",INDEX(Tarifs[],MATCH(DEVIS!C24,Tarifs[PRESTATIONS],0),3),"") -> FORFAIT | H24: =IF(C24<>"",INDEX(Tarifs[],MATCH(DEVIS!C24,Tarifs[PRESTATIONS],0),MATCH(E24,Tarifs[#Headers],0)),"") -> 400 | I24: =IF(H24="","",(F24*H24)) -> 400
G25: =IF(C25<>"",INDEX(Tarifs[],MATCH(DEVIS!C25,Tarifs[PRESTATIONS],0),3),"") | H25: =IF(C25<>"",INDEX(Tarifs[],MATCH(DEVIS!C25,Tarifs[PRESTATIONS],0),MATCH(E25,Tarifs[#Headers],0)),"") | I25: =IF(H25="","",(F25*H25))
G26: =IF(C26<>"",INDEX(Tarifs[],MATCH(DEVIS!C26,Tarifs[PRESTATIONS],0),3),"") | H26: =IF(C26<>"",INDEX(Tarifs[],MATCH(DEVIS!C26,Tarifs[PRESTATIONS],0),MATCH(E26,Tarifs[#Headers],0)),"") | I26: =IF(H26="","",(F26*H26))
G27: =IF(C27<>"",INDEX(Tarifs[],MATCH(DEVIS!C27,Tarifs[PRESTATIONS],0),3),"") | H27: =IF(C27<>"",INDEX(Tarifs[],MATCH(DEVIS!C27,Tarifs[PRESTATIONS],0),MATCH(E27,Tarifs[#Headers],0)),"") | I27: =IF(H27="","",(F27*H27))
G28: =IF(C28<>"",INDEX(Tarifs[],MATCH(DEVIS!C28,Tarifs[PRESTATIONS],0),3),"") | H28: =IF(C28<>"",INDEX(Tarifs[],MATCH(DEVIS!C28,Tarifs[PRESTATIONS],0),MATCH(E28,Tarifs[#Headers],0)),"") | I28: =IF(H28="","",(F28*H28))
G29: =IF(C29<>"",INDEX(Tarifs[],MATCH(DEVIS!C29,Tarifs[PRESTATIONS],0),3),"") | H29: =IF(C29<>"",INDEX(Tarifs[],MATCH(DEVIS!C29,Tarifs[PRESTATIONS],0),MATCH(E29,Tarifs[#Headers],0)),"") | I29: =IF(H29="","",(F29*H29))
G30: =IF(C30<>"",INDEX(Tarifs[],MATCH(DEVIS!C30,Tarifs[PRESTATIONS],0),3),"") | H30: =IF(C30<>"",INDEX(Tarifs[],MATCH(DEVIS!C30,Tarifs[PRESTATIONS],0),MATCH(E30,Tarifs[#Headers],0)),"") | I30: =IF(H30="","",(F30*H30))
G31: =IF(C31<>"",INDEX(Tarifs[],MATCH(DEVIS!C31,Tarifs[PRESTATIONS],0),3),"") | H31: =IF(C31<>"",INDEX(Tarifs[],MATCH(DEVIS!C31,Tarifs[PRESTATIONS],0),MATCH(E31,Tarifs[#Headers],0)),"") | I31: =IF(H31="","",(F31*H31))
G32: =IF(C32<>"",INDEX(Tarifs[],MATCH(DEVIS!C32,Tarifs[PRESTATIONS],0),3),"") | H32: =IF(C32<>"",INDEX(Tarifs[],MATCH(DEVIS!C32,Tarifs[PRESTATIONS],0),MATCH(E32,Tarifs[#Headers],0)),"") | I32: =IF(H32="","",(F32*H32))
G33: =IF(C33<>"",INDEX(Tarifs[],MATCH(DEVIS!C33,Tarifs[PRESTATIONS],0),3),"") | H33: =IF(C33<>"",INDEX(Tarifs[],MATCH(DEVIS!C33,Tarifs[PRESTATIONS],0),MATCH(E33,Tarifs[#Headers],0)),"") | I33: =IF(H33="","",(F33*H33))
F34: Total hors taxes | I34: =SUM(I23:I33) -> 800
F35: TVA | H35: 0.1 | I35: =I34*H35 -> 80
F36: Total TTC | I36: =SUM(I34:I35) -> 880
C39: Conditions de règlement :
C40: Acompte de 30% au commencement des travaux | E40: : | F40: =I36*30% -> 264
C41: Solde à la livraison, paiement comptant dès réception | E41: : | F41: =I36-F40 -> 616

Sheet DETAIL PRESTATIONS
A1: TITRE | B1: PRESTATIONS | C1: UNITE | D1: ZONE 1 | E1: ZONE 2 | F1: ZONE 3 | G1: ZONE 4
A2: CREATION OUVERTURE | B2: Mise en place protection intérieure | C2: FORFAIT | D2: 70 | E2: =Tarifs[[#This Row],[ZONE 1]]+(Tarifs[[#This Row],[ZONE 1]]*10%) -> 77 | F2: =Tarifs[[#This Row],[ZONE 1]]+(Tarifs[[#This Row],[ZONE 1]]*20%) -> 84 | G2: =Tarifs[[#This Row],[ZONE 1]]+(Tarifs[[#This Row],[ZONE 1]]*40%) -> 98 | I2: Titre travaux | K2: Nature travaux | M2: Unité
A3: CREATION OUVERTURE | B3: Création ouverture mur en pierres | C3: FORFAIT | D3: 900 | E3: =Tarifs[[#This Row],[ZONE 1]]+(Tarifs[[#This Row],[ZONE 1]]*10%) -> 990 | F3: =Tarifs[[#This Row],[ZONE 1]]+(Tarifs[[#This Row],[ZONE 1]]*20%) -> 1080 | G3: =Tarifs[[#This Row],[ZONE 1]]+(Tarifs[[#This Row],[ZONE 1]]*40%) -> 1260 | I3: CREATION ABRI | K3: CREATION OUVERTURE | M3: FORFAIT
A4: EAUX USEES | B4: Dépose des dalles | C4: m² | D4: 1 | E4: =Tarifs[[#This Row],[ZONE 1]]+(Tarifs[[#This Row],[ZONE 1]]*10%) -> 1.1 | F4: =Tarifs[[#This Row],[ZONE 1]]+(Tarifs[[#This Row],[ZONE 1]]*20%) -> 1.2 | G4: =Tarifs[[#This Row],[ZONE 1]]+(Tarifs[[#This Row],[ZONE 1]]*40%) -> 1.4 | I4: CREATION PIECE | K4: EAUX USEEES | M4: m²
A5: EAUX USEES | B5: Fourniture tuyaux ø125 avec accessoires | C5: ml | D5: 1 | E5: =Tarifs[[#This Row],[ZONE 1]]+(Tarifs[[#This Row],[ZONE 1]]*10%) -> 1.1 | F5: =Tarifs[[#This Row],[ZONE 1]]+(Tarifs[[#This Row],[ZONE 1]]*20%) -> 1.2 | G5: =Tarifs[[#This Row],[ZONE 1]]+(Tarifs[[#This Row],[ZONE 1]]*40%) -> 1.4 | I5: DEMOLITION DE LA FOSSE SEPTIQUE ET RACCORDEMENT RESEAU | K5: ECHAFAUDAGE | M5: m³
A6: EAUX USEES | B6: Pose de deux regards 40/40 tampon hydraulique | C6: UNITE | D6: 1 | E6: =Tarifs[[#This Row],[ZONE 1]]+(Tarifs[[#This Row],[ZONE 1]]*10%) -> 1.1 | F6: =Tarifs[[#This Row],[ZONE 1]]+(Tarifs[[#This Row],[ZONE 1]]*20%) -> 1.2 | G6: =Tarifs[[#This Row],[ZONE 1]]+(Tarifs[[#This Row],[ZONE 1]]*40%) -> 1.4 | I6: MISE AUX NORMES RESEAU EAUX USEES | K6: ENGIN | M6: ml
A7: EAUX USEES | B7: Rebouchage avec compactage | C7: m³ | D7: 1 | E7: =Tarifs[[#This Row],[ZONE 1]]+(Tarifs[[#This Row],[ZONE 1]]*10%) -> 1.1 | F7: =Tarifs[[#This Row],[ZONE 1]]+(Tarifs[[#This Row],[ZONE 1]]*20%) -> 1.2 | G7: =Tarifs[[#This Row],[ZONE 1]]+(Tarifs[[#This Row],[ZONE 1]]*40%) -> 1.4 | I7: MISE EN PLACE FILIERE COMPACTE | K7: EVACUATION DEBLAIS | M7: UNITE
A8: EAUX USEES | B8: Fouille avec évacuation | C8: ml | D8: 21 | E8: =Tarifs[[#This Row],[ZONE 1]]+(Tarifs[[#This Row],[ZONE 1]]*10%) -> 23.1 | F8: =Tarifs[[#This Row],[ZONE 1]]+(Tarifs[[#This Row],[ZONE 1]]*20%) -> 25.2 | G8: =Tarifs[[#This Row],[ZONE 1]]+(Tarifs[[#This Row],[ZONE 1]]*40%) -> 29.4 | I8: MISE EN PLACE MICROSTATION | K8: FILIERE COMPACTE
A9: ECHAFAUDAGE | B9: Mise en place de l'échafaudage | C9: FORFAIT | D9: 400 | E9: =Tarifs[[#This Row],[ZONE 1]]+(Tarifs[[#This Row],[ZONE 1]]*10%) -> 440 | F9: =Tarifs[[#This Row],[ZONE 1]]+(Tarifs[[#This Row],[ZONE 1]]*20%) -> 480 | G9: =Tarifs[[#This Row],[ZONE 1]]+(Tarifs[[#This Row],[ZONE 1]]*40%) -> 560 | I9: REMPLACEMENT DE LA TOITURE | K9: FOSSE SEPTIQUE
A10: ENGIN | B10: Transfert engin et installation chantier | C10: FORFAIT | D10: 100 | E10: =Tarifs[[#This Row],[ZONE 1]]+(Tarifs[[#This Row],[ZONE 1]]*10%) -> 110 | F10: =Tarifs[[#This Row],[ZONE 1]]+(Tarifs[[#This Row],[ZONE 1]]*20%) -> 120 | G10: =Tarifs[[#This Row],[ZONE 1]]+(Tarifs[[#This Row],[ZONE 1]]*40%) -> 140 | I10: RENOVATION COUR | K10: MICROSTATION
A11: EVACUATION DES DEBLAIS | B11: Evacuation déblais | C11: FORFAIT | D11: 1 | E11: =Tarifs[[#This Row],[ZONE 1]]+(Tarifs[[#This Row],[ZONE 1]]*10%) -> 1.1 | F11: =Tarifs[[#This Row],[ZONE 1]]+(Tarifs[[#This Row],[ZONE 1]]*20%) -> 1.2 | G11: =Tarifs[[#This Row],[ZONE 1]]+(Tarifs[[#This Row],[ZONE 1]]*40%) -> 1.4 | K11: TERRASSEMENT
A12: FILIERE COMPACTE | B12: Terrassement plan de masse de cuve | C12: m³ | D12: 15 | E12: =Tarifs[[#This Row],[ZONE 1]]+(Tarifs[[#This Row],[ZONE 1]]*10%) -> 16.5 | F12: =Tarifs[[#This Row],[ZONE 1]]+(Tarifs[[#This Row],[ZONE 1]]*20%) -> 18 | G12: =Tarifs[[#This Row],[ZONE 1]]+(Tarifs[[#This Row],[ZONE 1]]*40%) -> 21 | K12: TOITURE
A13: FILIERE COMPACTE | B13: Pose de la cuve filière compacte | C13: FORFAIT | D13: 4188 | E13: =Tarifs[[#This Row],[ZONE 1]]+(Tarifs[[#This Row],[ZONE 1]]*10%) -> 4606.8 | F13: =Tarifs[[#This Row],[ZONE 1]]+(Tarifs[[#This Row],[ZONE 1]]*20%) -> 5025.6 | G13: =Tarifs[[#This Row],[ZONE 1]]+(Tarifs[[#This Row],[ZONE 1]]*40%) -> 5863.2
A14: FILIERE COMPACTE | B14: Rebouchage graveline | C14: m³ | D14: 70 | E14: =Tarifs[[#This Row],[ZONE 1]]+(Tarifs[[#This Row],[ZONE 1]]*10%) -> 77 | F14: =Tarifs[[#This Row],[ZONE 1]]+(Tarifs[[#This Row],[ZONE 1]]*20%) -> 84 | G14: =Tarifs[[#This Row],[ZONE 1]]+(Tarifs[[#This Row],[ZONE 1]]*40%) -> 98
A15: FILIERE COMPACTE | B15: Pose des tuyaux et accessoires | C15: ml | D15: 20.5 | E15: =Tarifs[[#This Row],[ZONE 1]]+(Tarifs[[#This Row],[ZONE 1]]*10%) -> 22.55 | F15: =Tarifs[[#This Row],[ZONE 1]]+(Tarifs[[#This Row],[ZONE 1]]*20%) -> 24.6 | G15: =Tarifs[[#This Row],[ZONE 1]]+(Tarifs[[#This Row],[ZONE 1]]*40%) -> 28.7
A16: FOSSE SEPTIQUE | B16: Vidange de la fosse septique | C16: FORFAIT | D16: 180 | E16: =Tarifs[[#This Row],[ZONE 1]]+(Tarifs[[#This Row],[ZONE 1]]*10%) -> 198 | F16: =Tarifs[[#This Row],[ZONE 1]]+(Tarifs[[#This Row],[ZONE 1]]*20%) -> 216 | G16: =Tarifs[[#This Row],[ZONE 1]]+(Tarifs[[#This Row],[ZONE 1]]*40%) -> 252
A17: FOSSE SEPTIQUE | B17: Démolition de la fosse septique | C17: FORFAIT | D17: 80 | E17: =Tarifs[[#This Row],[ZONE 1]]+(Tarifs[[#This Row],[ZONE 1]]*10%) -> 88 | F17: =Tarifs[[#This Row],[ZONE 1]]+(Tarifs[[#This Row],[ZONE 1]]*20%) -> 96 | G17: =Tarifs[[#This Row],[ZONE 1]]+(Tarifs[[#This Row],[ZONE 1]]*40%) -> 112
A18: FOSSE SEPTIQUE | B18: Remplissage de la fosse septique et compactage | C18: FORFAIT | D18: 155 | E18: =Tarifs[[#This Row],[ZONE 1]]+(Tarifs[[#This Row],[ZONE 1]]*10%) -> 170.5 | F18: =Tarifs[[#This Row],[ZONE 1]]+(Tarifs[[#This Row],[ZONE 1]]*20%) -> 186 | G18: =Tarifs[[#This Row],[ZONE 1]]+(Tarifs[[#This Row],[ZONE 1]]*40%) -> 217
A19: FOSSE SEPTIQUE | B19: Fouille avec évacuation | C19: ml | D19: 21 | E19: =Tarifs[[#This Row],[ZONE 1]]+(Tarifs[[#This Row],[ZONE 1]]*10%) -> 23.1 | F19: =Tarifs[[#This Row],[ZONE 1]]+(Tarifs[[#This Row],[ZONE 1]]*20%) -> 25.2 | G19: =Tarifs[[#This Row],[ZONE 1]]+(Tarifs[[#This Row],[ZONE 1]]*40%) -> 29.4
A20: FOSSE SEPTIQUE | B20: Pose de tuyaux avec accessoires | C20: ml | D20: 20.5 | E20: =Tarifs[[#This Row],[ZONE 1]]+(Tarifs[[#This Row],[ZONE 1]]*10%) -> 22.55 | F20: =Tarifs[[#This Row],[ZONE 1]]+(Tarifs[[#This Row],[ZONE 1]]*20%) -> 24.6 | G20: =Tarifs[[#This Row],[ZONE 1]]+(Tarifs[[#This Row],[ZONE 1]]*40%) -> 28.7
A21: FOSSE SEPTIQUE | B21: Rebouchage et compactage | C21: m³ | D21: 68 | E21: =Tarifs[[#This Row],[ZONE 1]]+(Tarifs[[#This Row],[ZONE 1]]*10%) -> 74.8 | F21: =Tarifs[[#This Row],[ZONE 1]]+(Tarifs[[#This Row],[ZONE 1]]*20%) -> 81.6 | G21: =Tarifs[[#This Row],[ZONE 1]]+(Tarifs[[#This Row],[ZONE 1]]*40%) -> 95.2
A22: FOSSE SEPTIQUE | B22: Découpe béton et enrobé | C22: ml | D22: 3.5 | E22: =Tarifs[[#This Row],[ZONE 1]]+(Tarifs[[#This Row],[ZONE 1]]*10%) -> 3.85 | F22: =Tarifs[[#This Row],[ZONE 1]]+(Tarifs[[#This Row],[ZONE 1]]*20%) -> 4.2 | G22: =Tarifs[[#This Row],[ZONE 1]]+(Tarifs[[#This Row],[ZONE 1]]*40%) -> 4.9
A23: FOSSE SEPTIQUE | B23: Remise en place enrobé | C23: m² | D23: 30 | E23: =Tarifs[[#This Row],[ZONE 1]]+(Tarifs[[#This Row],[ZONE 1]]*10%) -> 33 | F23: =Tarifs[[#This Row],[ZONE 1]]+(Tarifs[[#This Row],[ZONE 1]]*20%) -> 36 | G23: =Tarifs[[#This Row],[ZONE 1]]+(Tarifs[[#This Row],[ZONE 1]]*40%) -> 42
A24: MICROSTATION | B24: Mise en place d'une microstation | C24: FORFAIT | D24: 1 | E24: =Tarifs[[#This Row],[ZONE 1]]+(Tarifs[[#This Row],[ZONE 1]]*10%) -> 1.1 | F24: =Tarifs[[#This Row],[ZONE 1]]+(Tarifs[[#This Row],[ZONE 1]]*20%) -> 1.2 | G24: =Tarifs[[#This Row],[ZONE 1]]+(Tarifs[[#This Row],[ZONE 1]]*40%) -> 1.4
... A35: TOITURE | B35: Fourniture et pose de la charpente | C35: FORFAIT | D35: 3064 | E35: =Tarifs[[#This Row],[ZONE 1]]+(Tarifs[[#This Row],[ZONE 1]]*10%) -> 3370.4 | F35: =Tarifs[[#This Row],[ZONE 1]]+(Tarifs[[#This Row],[ZONE 1]]*20%) -> 3676.8 | G35: =Tarifs[[#This Row],[ZONE 1]]+(Tarifs[[#This Row],[ZONE 1]]*40%) -> 4289.6
